 Dungeon Crawl Stone Soup version 0.27-a0-1200-g94dc6ad4cf (webtiles) character file.

Game seed: 16695436403758229118

422 mandarbmax the Magician (level 7, -16/45 HPs)
             Began as a Djinni Venom Mage on May 31, 2021.
             Was a Follower of Ashenzari.
             Demolished by a shadow (28 damage)
             ... on level 5 of the Dungeon.
             The game lasted 00:10:11 (6879 turns).

mandarbmax the Magician (Djinni Venom Mage)         Turns: 6879, Time: 00:10:12

Health: -16/45     AC:  4    Str:  7    XL:     7   Next: 17%
Gold:   177        EV: 29    Int: 22    God:    Ashenzari [*.....] SH:  0 Dex: 27

rFire    + + .     SeeInvis .   (no weapon)
rCold    x x .     Faith    .   (no shield)
rNeg     + . .     Spirit   .   a - +0 robe of the Pangnostic Repose {Range, Evo} (curse)
rPois    ∞         Reflect  .   k - +1 helmet
rElec    .         Harm     .   (no cloak)
rCorr    +         Rampage  .   (no gloves)
Will     +....                  (boots unavailable)
Stlth    +++.......             d - amulet of the acrobat
HPRegen  0.15/turn              p - ring "Viguubbe" {rC- rN+ Will+ Int+4 Dex+6}
MPRegen  0.00/turn              f - ring "Bound Vision" {rPois rCorr MP-9 Dex+7 Slay+4, Cun, Self} (curse)

@: acrobatic, flying
A: sickness immunity, fire resistance 2, cold vulnerability 1, float, innate
caster, hp casting, extra vitality 1
a: Renounce Religion, Shatter the Chains


You were on level 5 of the Dungeon.
You worshipped Ashenzari.
Ashenzari was aware of your devotion.
You visited 1 branch of the dungeon, and saw 5 of its levels.

You collected 275 gold pieces.
You spent 98 gold pieces at shops.

Inventory:

Armour
 a - the cursed +0 robe of the Pangnostic Repose (worn) {Range, Evo}

   It has a curse which improves the following skills: Ranged Combat: Slings,
   Bows, Crossbows and Throwing.
   Evocations: Evocations.
 k - a +1 helmet (worn)
Jewellery
 b - a ring of fire
 d - an amulet of the acrobat (around neck)
 e - a +6 ring of intelligence
 f - the cursed ring "Bound Vision" (right hand) {rPois rCorr MP-9 Dex+7 Slay+4, Cun, Self}
   (You acquired it on level 3 of the Dungeon)

   [ring of slaying]

   It affects your dexterity (+7).
   It affects your accuracy and damage with ranged weapons and melee attacks
   (+4).
   It protects you from poison.
   It affects your magic capacity (-9).
   It protects you from acid and corrosion.
   It has a curse which improves the following skills: Cunning: Dodging and
   Stealth.
   Introspection: Fighting and Spellcasting.
 l - a ring of fire
 p - the ring "Viguubbe" (left hand) {rC- rN+ Will+ Int+4 Dex+6}
   (You acquired it on level 4 of the Dungeon)

   [ring of dexterity]

   It affects your intelligence (+4).
   It affects your dexterity (+6).
   It makes you vulnerable to cold.
   It protects you from negative energy.
   It increases your willpower.
Wands
 s - a wand of mindburst (16)
Scrolls
 c - a scroll of vulnerability
 g - 3 scrolls of teleportation
 h - a scroll of silence
 m - a scroll of fog
 o - a scroll of enchant weapon
 q - a scroll of summoning
 r - a scroll of immolation
Potions
 i - 2 potions of berserk rage
 j - a potion of curing
 n - a potion of heal wounds
 t - a potion of mutation


   Skills:
 - Level 2.1(3.0) Dodging
 - Level 1.5(2.3) Stealth
 + Level 5.8(6.8) Spellcasting


You couldn't memorise any spells.
You knew the following spells:

 Your Spells              Type           Power      Damage    Failure   Level
a - Sting                 Tmut/Pois      100%       1d8       1%          1
b - Poisonous Vapours     Pois/Air       74%        N/A       1%          2
c - Mephitic Cloud        Conj/Pois/Air  37%        N/A       1%          3
d - Ignite Poison         Fire/Tmut/Pois 37%        N/A       1%          3
e - Olgreb's Toxic Radia  Pois           37%        N/A       4%          4
f - Foxfire               Conj/Fire      100%       2x1d9     1%          1
g - Blink                 Tloc           N/A        N/A       1%          2
h - Inner Flame           Hex/Fire       37%        N/A       1%          3
Your spell library was empty.

Dungeon Overview and Level Annotations

Branches:
Dungeon (5/15)
 Temple: D:4-7

Altars:
Ashenzari
Uskayaw

Shops:
D:3 *

Annotations:
D:3 2 transporters, Patoropollo's ghost, weakling DjCj


Innate Abilities, Weirdness & Mutations

You are immune to sickness and miasma.
You are immune to poison.
Your flesh is very heat resistant. (rF++)
You are vulnerable to cold. (rC-)
You float through the air rather than walking.
You learn spells naturally, not from books.
Your magical power is your life essence.
You have superior vitality. (+4 HP)


Message History

The orc wizard is engulfed in poison gas.
The orc wizard is poisoned.
The orc wizard points at itself and mumbles some strange words.
The orc wizard flickers and vanishes!
Deactivating autopickup; reactivate with Ctrl-A.
Unknown command.
There is a large open door here.
Reactivating autopickup.
You feel a bit more experienced.
You start resting.
A shadow is nearby!
Casting: Poisonous Vapours (safe; 1% risk of failure)
Confirm with . or Enter, or press ? or * to list all spells.
Aiming: Mephitic Cloud (dangerous; 2% risk of failure)
Press: ? - help, Shift-Dir - straight line The ball explodes into a vile cloud!
The shadow slips into darkness.
The shadow flickers and vanishes!
Deactivating autopickup; reactivate with Ctrl-A.
Ashenzari invites you to partake of a vision and a curse of cunning and introspection.
Your ring "Etoil" {rPois rCorr MP-9 Dex+7 Slay+4} glows black for a moment.
Casting: Mephitic Cloud (safe; 1% risk of failure)
Confirm with . or Enter, or press ? or * to list all spells.
You ignite the poison in your surroundings!
The shadow strikes at you from the darkness!
Ouch! That really hurt!
* * * LOW HITPOINT WARNING * * *
Reactivating autopickup.
Unknown command.
The shadow slips into darkness.
The shadow flickers and vanishes!
Deactivating autopickup; reactivate with Ctrl-A.
Okay, then.
Casting: Ignite Poison (safe; 1% risk of failure)
Confirm with . or Enter, or press ? or * to list all spells.
You blink.
* * * LOW HITPOINT WARNING * * *
The shadow strikes at you from the darkness!
Ouch! That really hurt!
You die...

#..#≈≈≈≈≈≈≈#......#............
≈..≈≈≈≈≈≈≈≈#......#...........
≈.)≈≈≈≈≈≈≈≈#......#...........
≈..≈≈≈≈≈≈≈##....>.#...........
≈..≈≈≈≈≈≈##.......#...........
≈..≈≈≈≈≈##........#...........
≈..≈≈≈≈##.........#...........
≈..≈≈≈#########..###...###....
#''#####.[..###.@###...#
.............#..{......#
.............#.........+
.............#.........#
#............#.........#
#.....##....##...###+###
#.....##....##...###..
......#...............
......#...............


There were no monsters in sight!

Vanquished Creatures
  A water moccasin (D:3)
  A howler monkey (D:4)
  A jelly (D:3)
  2 bullfrog skeletons (D:4)
  An orc wizard (D:5)
  4 gnolls (D:3)
  4 adders
  5 worms
  3 dart slugs
  4 bats
  7 endoplasms
  2 giant cockroaches
  4 goblins (D:4)
  10 hobgoblins
  4 jackals (D:2)
  6 kobolds
  A quokka (D:4)
  6 ball pythons
  A frilled lizard (D:1)
  7 rats
74 creatures vanquished.

Vanquished Creatures (others)
  42 foxfires
42 creatures vanquished.

Grand Total: 116 creatures vanquished

Notes
Turn   | Place    | Note
-------+----------+-------------------------------------------
     0 | D:1      | mandarbmax the Djinni Venom Mage began the quest for the
                  | Orb.
     0 | D:1      | Reached XP level 1. HP: 15/15 MP: 0/0
   652 | D:1      | Reached XP level 2. HP: 17/21 MP: 0/0
   882 | D:1      | Found a faded altar of an unknown god.
  1120 | D:1      | Reached skill level 3 in Spellcasting
  1470 | D:1      | Reached XP level 3. HP: 23/25 MP: 0/0
  1470 | D:1      | Learned a level 1 spell: Foxfire
  1652 | D:1      | You are sucked into a shaft and drop 1 floor!
  2656 | D:2      | Reached XP level 4. HP: 26/31 MP: 0/0
  4174 | D:3      | Found a hide-covered altar of Uskayaw.
  4225 | D:3      | Found a transporter.
  4260 | D:3      | Found a transporter.
  4260 | D:3      | Noticed Patoropollo's ghost (weakling DjCj)
  4266 | D:3      | Reached skill level 4 in Spellcasting
  4362 | D:3      | Noticed a water moccasin
  4369 | D:3      | Killed a water moccasin
  4370 | D:3      | Reached XP level 5. HP: 25/35 MP: 0/0
  4370 | D:3      | Learned a level 2 spell: Blink
  4511 | D:3      | Reached skill level 5 in Spellcasting
  4511 | D:3      | Reached XP level 6. HP: 24/40 MP: 0/0
  5075 | D:3      | Found a broken altar of Ashenzari.
  5098 | D:3      | Became a worshipper of Ashenzari the Shackled
  5098 | D:3      | Identified a scroll of acquirement
  5101 | D:3      | Acquired the ring "Etoil" {rPois rCorr MP-9 Dex+7 Slay+4}
  5184 | D:3      | Found Kofaub's Assorted Antiques.
  5239 | D:3      | Bought an inky potion for 23 gold pieces
  5239 | D:3      | Bought a scroll labelled JEKKOE ROCUI for 26 gold pieces
  5239 | D:3      | Bought a bubbling coppery potion for 23 gold pieces
  5239 | D:3      | Bought a scroll labelled PAIFRAGR GEIL for 26 gold pieces
  5840 | D:4      | Acquired the ring "Viguubbe" {rC- rN+ Will+ Int+4 Dex+6}
  6428 | D:4      | Reached XP level 7. HP: 27/45 MP: 0/0
  6428 | D:4      | Learned a level 3 spell: Inner Flame
  6704 | D:5      | Entered Level 5 of the Dungeon
  6812 | D:5      | Noticed a shadow
  6861 | D:5      | Reached * piety under Ashenzari
  6879 | D:5      | Demolished by a shadow

Illustrated notes

Levels and vault maps discovered:
D:1:      erik_arrival_cave_to_civilisation [erik_arrival_cave_to_hall],
          layout_basic, ebering_ecumenical_altar_mist, minmay_curled_crystal
D:2:      layout_basic, guppyfry_early_lair_pool
D:3:      layout_loops_ring, general_overflow_altar,
          nicolae_overflow_hidden_temple, serial_shops, nicolae_shop_waterfront,
          gammafunk_ghost_mausoleum
D:4:      layout_loops_cross, chequers_mini_garden, kennysheep_generic_room_8
D:5:      kennysheep_big_flooded_room, layout_gridville, serial_bayou_pond_a,
          uniq_grinder

Skill      XL: |  1  2  3  4  5 |
---------------+----------------+-----
Spellcasting   | 3 4 5 |  5.8
Dodging        | |  2.1
Stealth        | |  1.5

Action                   |  1- 3 |  4- 6 |  7- 9 || total
-------------------------+-------+-------+-------++-------
 Cast: Sting             |    17 |       |     2 ||    19
       Poisonous Vapours |    47 |    72 |     5 ||   124
       Foxfire           |     5 |    20 |       ||    25
       Ignite Poison     |       |     3 |     1 ||     4
       Mephitic Cloud    |       |     1 |     1 ||     2
       Olgreb's Toxic Ra |       |     1 |       ||     1
       Blink             |       |       |     1 ||     1
Invok: Curse Item        |       |     1 |     1 ||     2
  Use: Scroll            |       |     3 |       ||     3
Armor: Robe              |       |     4 |       ||     4
Dodge: Dodged            |     1 |    11 |       ||    12

Table legend: (Time is in decaauts)
 A = Elapsed time spent in this place.
 B = Non-inter-level travel time spent in this place.
 C = Inter-level travel time spent in this place.
 D = Time resting spent in this place.
 E = Time spent auto-exploring this place.
 F = Levels seen in this place.
 G = Mean time per level.
                   A        B        C        D        E       F      G
               +--------+--------+--------+--------+--------+-----+--------+
         Total |   6879 |   6616 |    263 |   1241 |   4963 |   5 | 1375.8 |
       Dungeon |   6879 |   6616 |    263 |   1241 |   4963 |   5 | 1375.8 |
               +--------+--------+--------+--------+--------+-----+--------+

Top non-repeatable levels by time:
     D:2: 2116 daAuts
     D:1: 1805 daAuts
     D:3: 1664 daAuts
     D:4: 1118 daAuts
     D:5: 174 daAuts
